 Dungeon Crawl Stone Soup version 0.31-a0-233-g139696dc86 (webtiles) character file.

Game seed: 17798052377197135522

66965 Iich the Severer (level 15, -27/147 HPs)
             Began as a Hill Orc Fighter on July 9, 2023.
             Was a High Priest of Okawaru.
             Blown up by an orb spider (62 damage)
             ... with an orb of destruction
             ... on level 1 of the Spider Nest.
             The game lasted 00:41:57 (22513 turns).

Iich the Severer (Hill Orc Fighter)                Turns: 22513, Time: 00:41:58

Health: -27/147    AC: 29    Str: 21    XL:     15   Next: 21%
Magic:  22/22      EV:  9    Int: 11    God:    Okawaru [*****.]
Gold:   465        SH: 17    Dex: 19    Spells: 14/14 levels left

rFire   . . .        p - +1 broad axe (heavy)
rCold   + . .        T - +2 tower shield {rC+}
rNeg    . . .        r - +4 plate armour {rPois}
rPois   +            O - +0 helmet of Apathy {-Cast rCorr Str+2 Stlth+}
rElec   .            F - +1 cloak
rCorr   +            Q - +2 pair of gloves {infuse}
SInv    .            j - +1 pair of boots
Will    +....        I - amulet of magic regeneration Stlth
                     o - +4 ring of slaying
HPRegen 0.44/turn    R - +4 ring of protection
MPRegen 0.58/turn

%: no spellcasting, infuse magic (1 MP)
@: studying Ice Magic
A: agile 1, clever 1, shaggy fur 1
a: Renounce Religion, Heroism, Finesse, Duel


You were on level 1 of the Spider Nest.
You worshipped Okawaru.
Okawaru was extremely pleased with you.
You visited 5 branches of the dungeon, and saw 20 of its levels.
You also visited: Ossuary, Ice Cave and Volcano.

You collected 2252 gold pieces.
You spent 1787 gold pieces at shops.

Inventory:

Hand Weapons
 p - a +1 heavy broad axe (weapon)
 D - the +3 executioner's axe "Beast's Demise" {drain, Dex+4}
   (You bought it in a shop on level 2 of the Orcish Mines)

   Dex:       It affects your dexterity (+4).
Missiles
 C - 3 throwing nets
Armour
 j - a +1 pair of boots (worn)
 r - a +4 plate armour of poison resistance (worn)
 u - a +3 chain mail of fire resistance
 F - a +1 cloak (worn)
 O - the +0 helmet of Apathy (worn) {-Cast rCorr Str+2 Stlth+}
   (You acquired it on level 10 of the Dungeon)

   Str:       It affects your strength (+2).
   -Cast:     It prevents spellcasting.
   rCorr:     It protects you from acid and corrosion.
   Stlth:     It makes you more stealthy.
 Q - a +2 pair of gloves of infusion (worn)
 T - a +2 tower shield of cold resistance (worn)
 U - a +2 crystal plate armour of cold resistance
Jewellery
 o - a +4 ring of slaying (left hand)
 I - an amulet of magic regeneration (around neck)
 R - a +4 ring of protection (right hand)
Wands
 b - a wand of flame (91)
 J - a wand of iceblast (14)
 K - a wand of mindburst (5)
 M - a wand of polymorph (4)
Scrolls
 g - 3 scrolls of fear
 k - a scroll of silence
 s - 4 scrolls of fog
 t - 8 scrolls of teleportation
 v - a scroll of noise
 x - a scroll of revelation
 y - a scroll of poison
 B - 3 scrolls of blinking
 E - 2 scrolls of amnesia
 N - a scroll of torment
 S - a scroll of immolation
Potions
 c - a potion of ambrosia
 d - 6 potions of might
 e - 6 potions of brilliance
 f - a potion of attraction
 h - 6 potions of haste
 l - 9 potions of heal wounds
 m - a potion of berserk rage
 n - a potion of resistance
 q - 9 potions of curing
 w - 6 potions of mutation
 z - a potion of degeneration
 A - a potion of lignification
 H - a potion of enlightenment
 V - a potion of cancellation


   Skills:
 + Level 17.0 Fighting
 - Level 18.9 Axes
 - Level 3.2 Armour
 + Level 12.8 Dodging
 + Level 5.5 Shields
 - Level 9.5 Invocations


You had 14 spell levels left.
You didn't know any spells.
Your spell library contained the following spells:

 Spells                   Type           Power      Damage    Failure   Level
 Apportation              Tloc           0%         N/A       100%        1
 Freeze                   Ice            0%         1d3       100%        1
 Magic Dart               Conj           0%         1d3       100%        1
 Necrotise                Necr           0%         1d4       100%        1
 Sandblast                Erth           0%         2d4       100%        1
 Passwall                 Tmut/Erth      0%         N/A       100%        2
 Searing Ray              Conj           0%         2d4       100%        2
 Sublimation of Blood     Necr           0%         N/A       100%        2
 Frozen Ramparts          Ice            0%         1d1       100%        3
 Hailstorm                Conj/Ice       0%         3d3       100%        3
 Portal Projectile        Hex/Tloc       0%         N/A       100%        3
 Stone Arrow              Conj/Erth      0%         3d7       100%        3
 Volatile Blastmotes      Fire/Tloc      0%         2d10      100%        3
 Anguish                  Hex/Necr       0%         N/A       100%        4
 Cause Fear               Hex            0%         N/A       100%        4
 Fulminant Prism          Conj/Hex       0%         3d5       100%        4
 Iskenderun's Mystic Bla  Conj/Tloc      0%         2d3       100%        4
 Leda's Liquefaction      Hex/Erth       0%         N/A       100%        4
 Petrify                  Tmut/Erth      0%         N/A       100%        4
 Irradiate                Conj/Tmut      0%         3d11      100%        5
 Lee's Rapid Deconstruct  Erth           0%         3d4*      100%        5
 Eringya's Noxious Bog    Tmut/Pois      0%         4d6       100%        6
 Leda's Unmaking          Conj/Erth      0%         9d1       100%        6
 Statue Form              Tmut/Erth      0%         N/A       100%        6
 Enfeeble                 Hex            0%         N/A       100%        7
 Necromutation            Tmut/Necr      0%         N/A       100%        8
 Summon Small Mammal      Summ           Unusable   N/A       N/A         1
 Call Canine Familiar     Summ           Unusable   N/A       N/A         3

Dungeon Overview and Level Annotations

Branches:
Dungeon (11/15)            Temple (1/1) D:5            Lair (5/5) D:10
 Shoals (0/4) Lair:3       Spider (1/4) Lair:2        Slime (0/5) Lair:5
    Orc (2/2) D:9             Elf (0/3) Orc:2       Ossuary (visited)
  IceCv (visited)         Volcano (visited)

Altars:
Ashenzari
Cheibriados
Dithmenos
Elyvilon
Fedhas
Gozag
Hepliaklqana
Kikubaaqudgha
Makhleb
Nemelex Xobeh
Okawaru
Qazlal
Ru
Sif Muna
Trog
Uskayaw
Vehumet
Wu Jian
Xom
Yredelemnul
Zin
The Shining One
Beogh
Jiyva

Shops:
D:2 [:?[!   Orc:1 [   Orc:2 *([(


Innate Abilities, Weirdness & Mutations

You are agile. (Dex +4, Str/Int -1)
Your mind is acute. (Int +4, Str/Dex -1)
You are covered in fur. (AC +1)


Message History

The orb of destruction hits you!! The jumping spider pounces on you!
The jumping spider bites you.
The orb spider spins a strand of pure energy.
You take 42 damage, and have 99/147 hp. !!!!--MASSIVE DAMAGE--!!!!
You now have 19/22 mp.
You are too injured to fight recklessly!
Unknown command.
You are too injured to fight recklessly!
Unknown command.
You are too injured to fight recklessly!
You barely miss the jumping spider.
The jumping spider is moderately wounded.
The jumping spider pounces on you! You block the jumping spider's attack.
The jumping spider pounces on you! The jumping spider bites you.
You take 24 damage, and have 75/147 hp.
The jumping spider barely misses you. x2
The orb spider weaves a glowing orb of energy.
An orb of destruction comes into view.
You hit the jumping spider.
The jumping spider is heavily wounded.
You block the jumping spider's attack.
The jumping spider bites you but does no damage.
The jumping spider pounces on you but does no damage.
The jumping spider bites you.
You take 5 damage, and have 71/147 hp.
You open the jumping spider like a pillowcase!!!
You kill the jumping spider!
Okawaru accepts your kill. The orb of destruction hits you!!!
* * * LOW HITPOINT WARNING * * *
The orb spider pulsates with a strange energy.
Unknown command.
You take 37 damage, and have 34/147 hp. !!!!--MASSIVE DAMAGE--!!!!
You now have 20/22 mp.
The orb spider weaves a glowing orb of energy.
An orb of destruction comes into view.
You see here a scroll of revelation.
MP restored: 22 The orb of destruction hits you!!!
You die...

##.#.#
#....##
###.†..#
#.##..##
#..#†##
##..††.#
#..#####
#.?.#
#☼○@#
#^..s.###
##....
....##
..#.. .
#.. #.


You could see an orb spider.

Vanquished Creatures
  Saint Roka (Orc:2)
  A frost giant (IceCv)
  A red draconian (Volcano)
  A fire dragon (Lair:5)
  2 hydras
  11 death yaks
  An orc high priest (Orc:2)
  A salamander mystic (Volcano)
  Amaemon (Lair:1)
  A pharaoh ant (Lair:2)
  3 skysharks
  A goliath frog (Lair:2)
  A lindwurm (Lair:5)
  An orc knight (Orc:2)
  2 orc sorcerers
  6 salamanders (Volcano)
  A cyclops (Orc:2)
  A manticore (D:11)
  An elephant (Lair:2)
  A merfolk siren (Lair:3)
  7 black mambas
  An ice statue (IceCv)
  A gargoyle (D:11)
  9 cane toads
  A torpor snail (Lair:2)
  2 molten gargoyles (Lair:5)
  An orange demon (Lair:1)
  Maggie (D:6)
  A kobold demonologist (D:6)
  9 rime drakes
  Psyche (D:10)
  13 komodo dragons
  An unseen horror (D:10)
  5 trolls
  2 hornets
  8 polar bears
  A tarantella (Lair:2)
  Prince Ribbit (D:9)
  3 blink frogs (Lair:4)
  8 dream sheep
  10 jumping spiders
  2 shadows (D:11)
  9 wyverns
  The ghost of olmar the Covered, an amateur AtFi (D:6)
  A wraith (D:9)
  67 yaks
  6 basilisks
  3 vampire mosquitoes (D:11)
  A redback (Lair:2)
  9 steam dragons
  4 wargs
  13 water moccasins
  5 hell hounds (Lair:5)
  Duvessa (D:7)
  A sky beast (D:7)
  3 black bears
  28 orc warriors
  3 ice beasts
  8 wolves
  2 centaurs
  7 ogres
  A kobold brigand (D:10)
  3 phantoms
  2 gnoll sergeants
  15 bullfrogs
  3 scorpions (D:6)
  2 water moccasin zombies (Ossuary)
  2 wights (D:8)
  Dowan (D:7)
  5 killer bees (D:9)
  5 electric eels
  2 howler monkeys
  5 lava snakes (Lair:5)
  3 hounds
  5 jellies
  25 orc priests
  An iguana (D:6)
  A sleepcap (D:5)
  Terence (D:3)
  16 orc wizards
  5 hell rats
  8 ogre zombies (D:9)
  2 mummies (Ossuary)
  10 gnolls
  11 adders
  A river rat (D:10)
  A shadow imp (D:5)
  8 adder zombies (Ossuary)
  2 worms (D:2)
  5 dart slugs
  77 orcs
  5 ball pythons
  5 endoplasms
  8 giant cockroaches
  13 goblins
  4 hobgoblins
  A jackal (D:1)
  11 kobolds
  7 quokkas
  7 bats
  A frilled lizard (D:1)
  5 gnoll zombies (Ossuary)
  3 goblin skeletons (D:9)
  5 goblin zombies (D:9)
  14 hobgoblin zombies
  7 kobold zombies (Ossuary)
  4 orc skeletons (D:9)
  11 orc zombies
  9 rats
647 creatures vanquished.

Vanquished Creatures (others)
  An ufetubus (D:6)
1 creature vanquished.

Grand Total: 648 creatures vanquished

Notes
Turn   | Place    | Note
-------+----------+-------------------------------------------
     0 | D:1      | Iich the Hill Orc Fighter began the quest for the Orb.
     0 | D:1      | Reached XP level 1. HP: 19/19 MP: 1/1
    91 | D:1      | Reached skill level 3 in Axes
   109 | D:1      | Reached XP level 2. HP: 20/27 MP: 2/2
   488 | D:1      | Reached skill level 4 in Axes
   489 | D:1      | Reached XP level 3. HP: 29/33 MP: 3/3
   736 | D:2      | Found Ilycrag's Armour Shop.
   736 | D:2      | Found Areow's Book Shoppe.
   736 | D:2      | Found Kakk's Magic Scroll Shoppe.
   782 | D:2      | Bought a +0 helmet for 58 gold pieces
   850 | D:2      | Reached XP level 4. HP: 41/41 MP: 4/4
  1078 | D:2      | Found Qumemmyme's Antique Armour Shop.
  1251 | D:2      | Reached skill level 5 in Axes
  1285 | D:2      | Found a transporter.
  1304 | D:2      | Found Panluann's Distillery.
  1322 | D:2      | Identified the +3 ring mail of Follow the Leader {Str+4}
  1526 | D:2      | Found a transporter.
  2140 | D:3      | Noticed Terence
  2149 | D:3      | Killed Terence
  2150 | D:3      | Reached XP level 5. HP: 38/47 MP: 5/5
  2690 | D:4      | Found a sand-covered staircase.
  2695 | Ossuary  | Entered an ossuary
  2729 | Ossuary  | Reached skill level 5 in Fighting
  2743 | Ossuary  | Reached skill level 6 in Axes
  2839 | Ossuary  | Reached XP level 6. HP: 52/56 MP: 6/6
  2847 | Ossuary  | Reached skill level 7 in Axes
  3483 | D:4      | Noticed a black bear
  3491 | D:4      | Killed a black bear
  3492 | D:4      | Reached skill level 8 in Axes
  3492 | D:4      | Reached XP level 7. HP: 58/63 MP: 7/7
  3640 | D:5      | Entered Level 5 of the Dungeon
  3860 | D:5      | Reached skill level 9 in Axes
  4103 | D:5      | Reached XP level 8. HP: 61/73 MP: 8/8
  4106 | D:5      | Reached skill level 10 in Axes
  4229 | D:5      | Found a staircase to the Ecumenical Temple.
  4235 | Temple   | Entered the Ecumenical Temple
  4244 | Temple   | Became a worshipper of Warmaster Okawaru
  4384 | D:5      | Found a glowing golden altar of the Shining One.
  4503 | D:6      | Reached skill level 11 in Axes
  4666 | D:6      | Reached * piety under Okawaru
  4667 | D:6      | Noticed a hornet
  4669 | D:6      | Noticed olmar's ghost (amateur AtFi)
  4776 | D:6      | Found an opulent altar of Gozag.
  4862 | D:6      | Found a transporter.
  4868 | D:6      | Found a transporter.
  4876 | D:6      | Reached skill level 1 in Dodging
  4922 | D:6      | Noticed Maggie
  4935 | D:6      | Killed Maggie
  4935 | D:6      | Reached ** piety under Okawaru
  4936 | D:6      | Reached XP level 9. HP: 67/82 MP: 9/9
  4997 | D:6      | Noticed a kobold demonologist
  5002 | D:6      | Noticed an ice devil
  5008 | D:6      | Killed a kobold demonologist
  5259 | D:6      | Killed a hornet
  5260 | D:6      | Reached skill level 12 in Axes
  5261 | D:6      | Killed olmar's ghost
  5351 | D:7      | Found a snail-covered altar of Cheibriados.
  5360 | D:7      | Reached *** piety under Okawaru
  5688 | D:7      | Reached skill level 10 in Fighting
  5689 | D:7      | Gained mutation: You are agile. (Dex +4, Str/Int -1)
                  | [potion of mutation]
  5689 | D:7      | Gained mutation: Your mind is acute. (Int +4, Str/Dex -1)
                  | [potion of mutation]
  5689 | D:7      | Gained mutation: You are covered in fur. (AC +1) [potion of
                  | mutation]
  5705 | D:7      | Found a shimmering altar of Xom.
  5706 | D:7      | Noticed Duvessa
  5707 | D:7      | Noticed Dowan
  5713 | D:7      | Killed Duvessa
  5720 | D:7      | Killed Dowan
  6227 | D:7      | Found a shadowy altar of Dithmenos.
  6373 | D:8      | Reached XP level 10. HP: 79/93 MP: 7/10
  6376 | D:8      | Reached skill level 13 in Axes
  6559 | D:8      | Reached **** piety under Okawaru
  6577 | D:8      | You fall into a shaft and drop 1 floor!
  6611 | D:9      | Reached skill level 1 in Invocations
  6699 | D:9      | Noticed Prince Ribbit
  6710 | D:9      | Killed Prince Ribbit
  6711 | D:9      | Reached skill level 5 in Dodging
  7123 | D:9      | Reached ***** piety under Okawaru
  7195 | D:9      | Found a staircase to the Orcish Mines.
  7226 | D:9      | Reached skill level 14 in Axes
  7296 | D:9      | Reached XP level 11. HP: 82/103 MP: 14/14
  7508 | D:9      | Reached skill level 5 in Invocations
  7995 | D:8      | Found an ancient bone altar of Kikubaaqudgha.
  8763 | D:10     | Entered Level 10 of the Dungeon
  8828 | D:10     | Received a gift from Okawaru
  8838 | D:10     | Identified a scroll of acquirement
  8841 | D:10     | Acquired the +0 helmet of Apathy {-Cast rCorr Str+2 Stlth+}
  8915 | D:10     | Noticed Psyche
  8925 | D:10     | Killed Psyche
  9047 | D:10     | Noticed a death yak
  9050 | D:10     | Noticed a death yak
  9056 | D:10     | Noticed a death yak
  9069 | D:10     | Killed a death yak
  9071 | D:10     | Killed a death yak
  9084 | D:10     | Killed a death yak
  9085 | D:10     | Reached skill level 15 in Axes
  9088 | D:10     | Identified the +6 great sword of Vaokisch {drain, rElec
                  | Str+4 Dex-5} (Okawaru gifted it to you on level 10 of the
                  | Dungeon)
  9088 | D:10     | Received a gift from Okawaru
  9115 | D:10     | Found a staircase to the Lair.
  9368 | D:10     | Found a glowing silver altar of Zin.
  9705 | D:11     | Reached XP level 12. HP: 104/113 MP: 16/18
 10429 | Lair:1   | Entered Level 1 of the Lair of Beasts
 10468 | Lair:1   | Noticed Amaemon
 10476 | Lair:1   | Killed Amaemon
 11017 | Lair:1   | Reached skill level 16 in Axes
 11912 | Lair:2   | Received a gift from Okawaru
 11927 | Lair:2   | Found a hole to the Spider Nest.
 12725 | Lair:2   | Reached XP level 13. HP: 101/124 MP: 20/20
 12801 | Lair:2   | Reached ****** piety under Okawaru
 13149 | Lair:2   | Received a gift from Okawaru
 13338 | Lair:2   | Received a gift from Okawaru
 13636 | Lair:2   | Got the Grimoire of the Different Geologist
 14132 | Lair:3   | Reached skill level 17 in Axes
 14565 | Lair:3   | Found a dark tunnel.
 14574 | Volcano  | Entered a volcano
 14607 | Volcano  | Found a radiant altar of Vehumet.
 14770 | Volcano  | Noticed a red draconian
 14795 | Volcano  | Killed a red draconian
 14796 | Volcano  | Reached skill level 10 in Dodging
 15287 | Lair:3   | Reached skill level 15 in Fighting
 15403 | Lair:3   | Found a staircase to the Shoals.
 16490 | Lair:4   | Received a gift from Okawaru
 16706 | Lair:4   | Reached XP level 14. HP: 135/135 MP: 19/21
 17192 | Lair:5   | Entered Level 5 of the Lair of Beasts
 17362 | Lair:5   | Reached skill level 18 in Axes
 17372 | Lair:5   | Found a frozen archway.
 17382 | IceCv    | Entered an ice cave
 17683 | IceCv    | Received a gift from Okawaru
 17809 | IceCv    | Noticed a frost giant
 17823 | IceCv    | Killed a frost giant
 18529 | Lair:5   | Found a viscous altar of Jiyva.
 18577 | Lair:5   | Found a staircase to the Slime Pits.
 18759 | Lair:5   | Found a large runed translucent door.
 18884 | Lair:5   | Received a gift from Okawaru
 19085 | Lair:5   | Found a large runed translucent door.
 20003 | D:2      | Bought 2 potions of haste for 260 gold pieces
 20003 | D:2      | Bought a potion of haste for 130 gold pieces
 20003 | D:2      | Bought a potion of heal wounds for 65 gold pieces
 20003 | D:2      | Bought 2 potions of mutation for 208 gold pieces
 20003 | D:2      | Bought a potion of mutation for 104 gold pieces
 20003 | D:2      | Bought a potion of heal wounds for 65 gold pieces
 20104 | D:2      | Bought a scroll of blinking for 75 gold pieces
 20104 | D:2      | Bought a scroll of blinking for 75 gold pieces
 20104 | D:2      | Bought a scroll of identify for 20 gold pieces
 20286 | Orc:1    | Entered Level 1 of the Orcish Mines
 20917 | Orc:1    | Found Foifobif's Armour Boutique.
 21019 | Orc:2    | Entered Level 2 of the Orcish Mines
 21175 | Orc:2    | Found a roughly hewn altar of Beogh.
 21388 | Orc:2    | Found a roughly hewn altar of Beogh.
 21404 | Orc:2    | Found a roughly hewn altar of Beogh.
 21405 | Orc:2    | Found Doelil's General Store.
 21479 | Orc:2    | Reached XP level 15. HP: 122/145 MP: 20/22
 21678 | Orc:2    | Found a roughly hewn altar of Beogh.
 21689 | Orc:2    | Found a staircase to the Elven Halls.
 21749 | Orc:2    | Noticed Saint Roka
 21757 | Orc:2    | Found Zulatwar's Antique Weapon Emporium.
 21760 | Orc:2    | Found a roughly hewn altar of Beogh.
 21772 | Orc:2    | Found Giuluh's Antique Armour Shoppe.
 21786 | Orc:2    | Killed Saint Roka
 21787 | Orc:2    | Reached skill level 5 in Shields
 21986 | Orc:2    | Bought a steaming executioner's axe for 570 gold pieces
 21986 | Orc:2    | Identified the +3 executioner's axe "Beast's Demise"
                  | {drain, Dex+4} (You bought it in a shop on level 2 of the
                  | Orcish Mines)
 21998 | Orc:2    | Bought a pair of glowing boots for 157 gold pieces
 22094 | Orc:2    | Found a roughly hewn altar of Beogh.
 22159 | Orc:2    | Found a roughly hewn altar of Beogh.
 22247 | Orc:2    | Found a roughly hewn altar of Beogh.
 22248 | Orc:2    | Found Lioniot's Antique Weapon Boutique.
 22453 | Spider:1 | Entered Level 1 of the Spider Nest
 22513 | Spider:1 | Blown up by an orb spider

Illustrated notes

Levels and vault maps discovered:
D:1:      shiori_shiawase, layout_basic, st_stairs_13,
          chequers_serial_rivers_room_b
D:2:      layout_loops_corners, serial_shops, shop, shop,
          nicolae_shop_competitors_out_of_business, nicolae_shop_drivethru, shop
D:3:      layout_basic, uniq_terence
D:4:      layout_cave_pods, enter_ossuary_2
D:5:      layout_basic, mainiacjoe_overflow_cross_hatched,
          minmay_temple_entry_hall, grunt_ministairs_15
D:6:      layout_rooms, nicolae_gozag_seed_capital, gammafunk_ghost_arena,
          uniq_maggie
D:7:      layout_gridville, grunt_dithmenos_smoke_and_mirrors,
          cheibriados_altar_1, mainiacjoe_overflow_paths, minivault_14,
          uniq_duvessa
D:8:      layout_basic, mainiacjoe_overflow_small_starburst, st_stairs_5,
          minivault_10
D:9:      layout_irregular_city, zombieorc2_lemuel, grunt_decor_mini_mirrors,
          uniq_prince_ribbit1
D:10:     nicolae_cairo_tiling_large, layout_rooms, zin_statuary,
          dpeg_lair_monsters, uniq_psyche
D:11:     layout_roguey, serial_bayou, serial_bayou_pond_e, serial_bayou_ford_a,
          serial_bayou_shore_b, serial_bayou_pond_c, serial_bayou_pond_d
Temple:   minmay_freezing_vapour_temple
Lair:1:   layout_loops_ring, infiniplex_staircase_pool_2, uniq_amaemon
Lair:2:   nzn_winding_woodlands_cross
          [nzn_winding_woodlands_5x15_pathside_ponds,
          nzn_winding_woodlands_5x15_jagged, nzn_winding_woodlands_5x15_twine,
          nzn_winding_woodlands_5x15_pockets,
          nzn_winding_woodlands_15x15_thick_spiral], layout_hall_layers,
          nicolae_spider_entry_lesser_pyramids, lemuel_fruit_tree
Lair:3:   layout_loops_ring, elwin_shoals_entry_rooms, enter_volcano_1,
          grunt_megastairs_4, serial_bayou_shore_a
Lair:4:   layout_gridlike, disabler_island
Lair:5:   cheibrodos_lair_end_hotspot, layout_cave_shapes,
          nicolae_slime_entry_field_trip, portal_ice_cave_rime
Spider:1: layout_spider_delve
Orc:1:    layout_diamond_mine, serial_shops, nicolae_shop_real_fake_doors
Orc:2:    grunt_orc_community_town_hall, layout_caves,
          grunt_orc_community_big_house_1, grunt_orc_community_big_house_1,
          grunt_orc_community_house_1, grunt_orc_community_house_1,
          grunt_orc_community_house_1, grunt_orc_community_house_1,
          grunt_orc_community_house_3, grunt_orc_community_house_2, basic_altar

Skill      XL: |  1  2  3  4  5  6  7  8  9 10 11 12 13 14 15 |
---------------+----------------------------------------------+-----
Axes           | 3 4 5 6 8 9 11 12 14 15 16 17 18 | 18.9
Fighting       | 4 5 6 7 8 10 11 12 14 15 16 17 | 17.0
Dodging        | 2 4 5 7 8 10 12 | 12.8
Invocations    | 4 8 9 |  9.5
Shields        | 4 5 |  5.5
Armour         | |  3.2

Action                     |  1- 3 |  4- 6 |  7- 9 | 10-12 | 13-15 || total
---------------------------+-------+-------+-------+-------+-------++-------
  Melee: War axe           |    89 |   228 |   184 |   326 |       ||   827
         Executioner's axe |       |       |       |   124 |       ||   124
         Broad axe         |       |       |       |    61 |   641 ||   702
 Invoke: Heroism           |       |       |     2 |     2 |     7 ||    11
         Finesse           |       |       |       |     2 |     6 ||     8
  Evoke: Wand              |       |       |       |     2 |    11 ||    13
    Use: Scroll            |     2 |     4 |     1 |    10 |    11 ||    28
         Potion            |       |     4 |     8 |     4 |     3 ||    19
 Armour: Scale mail        |    52 |    13 |       |       |       ||    65
         Ring mail         |       |    70 |       |       |       ||    70
         Chain mail        |       |     7 |   103 |   247 |   267 ||   624
         Skin              |       |       |       |    21 |       ||    21
         Plate armour      |       |       |       |       |   119 ||   119
  Dodge: Dodged            |    34 |    80 |    55 |   235 |   347 ||   751
  Block: Buckler           |    18 |    41 |    35 |    88 |    93 ||   275
         Tower shield      |       |       |       |       |   263 ||   263

Table legend: (Time is in decaauts)
 A = Elapsed time spent in this place.
 B = Non-inter-level travel time spent in this place.
 C = Inter-level travel time spent in this place.
 D = Time resting spent in this place.
 E = Time spent auto-exploring this place.
 F = Levels seen in this place.
 G = Mean time per level.
                   A        B        C        D        E       F      G
               +--------+--------+--------+--------+--------+-----+--------+
         Total |  22645 |  21257 |   1388 |    604 |  16588 |  23 |  984.6 |
       Dungeon |  10613 |   9633 |    980 |    183 |   7831 |  11 |  964.8 |
        Temple |     34 |     34 |      0 |      0 |      0 |   1 |   34.0 |
          Lair |   8066 |   7762 |    304 |    421 |   5978 |   5 | 1613.2 |
   Spider Nest |     68 |     68 |      0 |      0 |     20 |   1 |   68.0 |
  Orcish Mines |   2098 |   1995 |    103 |      0 |   1639 |   2 | 1049.0 |
       Ossuary |    322 |    322 |      0 |      0 |    141 |   1 |  322.0 |
      Ice Cave |    856 |    856 |      0 |      0 |    587 |   1 |  856.0 |
       Volcano |    585 |    585 |      0 |      0 |    392 |   1 |  585.0 |
               +--------+--------+--------+--------+--------+-----+--------+

Top non-repeatable levels by time:
  Lair:2: 2248 daAuts
  Lair:5: 1721 daAuts
  Lair:1: 1551 daAuts
     D:2: 1407 daAuts
     D:9: 1383 daAuts
  Lair:4: 1322 daAuts
   Orc:2: 1320 daAuts
  Lair:3: 1222 daAuts
     D:8: 1085 daAuts
     D:7: 1058 daAuts
    D:11: 872 daAuts
    D:10: 864 daAuts
   IceCv: 856 daAuts
     D:6: 855 daAuts
     D:5: 831 daAuts
